General information
- name: BNet
- type: Ladder team game (AT/RT)
- host: Battle.net
- saver: 4tw.timg
map: CopperCanyon
- players: 6
- length: 49:53
- speed: Fast
- version: 1.26 W3XP
- replay type: Public
» download(376 KB)
Players
team 1 (loser)
4tw.abuser (
blue | 40 APM | 2005 actions | 49:38)
2 Pandaren Brewmaster
1 Breath of Fire
1 Drunken Haze
» actions
| Assign group hotkey | 18 | |
| Build / train | 44 | |
| Enter build submenu | 39 | |
| Enter hero's abilities submenu | 2 | |
| Give item / drop item | 2 | |
| Remove unit from queue | 1 | |
| Right click | 1164 | |
| Select / deselect | 562 | |
| Select group hotkey | 83 | |
| Use ability | 90 | |
2005 total
» units
» upgrades
» buildings
| Altar of Elders | 1 | |
| Moon Well | 7 | |
| Hunter's Hall | 1 | |
| Ancient Protector | 22 | |
| Tree of Life | 1 | |
| Tree of Ages | 1 | |
| Ancient of Wind | 1 | |
| Tree of Eternity | 1 | |
| Chimaera Roost | 2 | |
37 total
» build order
00:13 Altar of Elders
00:27 Moon Well
02:28 Moon Well
04:51 Hunter's Hall
06:05 Ancient Protector
06:10 Ancient Protector
06:22 Ancient Protector
06:35 Ancient Protector
06:48 Ancient Protector
07:02 Ancient Protector
07:06 Ancient Protector
07:11 Ancient Protector
07:26 Ancient Protector
08:22 Ancient Protector
09:41 Ancient Protector
10:40 Ancient Protector
11:18 Ancient Protector
12:15 Ancient Protector
12:18 Ancient Protector
13:18 Ancient Protector
13:54 Ancient Protector
14:11 Ancient Protector
20:10 Tree of Life
20:48 Ancient Protector
20:56 Ancient Protector
21:24 Ancient Protector
21:40 Ancient Protector
31:08 Tree of Ages
31:15 Moon Well
31:29 Moon Well
32:30 Moon Well
33:29 Moon Well
33:56 Ancient of Wind
34:08 Tree of Eternity
34:33 Moon Well
36:31 Chimaera Roost
36:35 Chimaera Roost
M30 (
red | 41 APM | 2039 actions | 49:51)
4 Blademaster
2 Wind Walk
2 Critical Strike
» actions
| Basic commands | 1 | |
| Build / train | 67 | |
| Enter build submenu | 46 | |
| Enter hero's abilities submenu | 4 | |
| Remove unit from queue | 1 | |
| Right click | 1469 | |
| Select / deselect | 345 | |
| Use ability | 106 | |
2039 total
» units
| Peon | 10 | |
| Grunt | 4 | |
| Troll Batrider | 34 | |
| Demolisher | 2 | |
50 total
» upgrades
| Liquid Fire | 1 | |
| Reinforced Defenses | 1 | |
2 total
» buildings
| Altar of Storms | 1 | |
| Orc Burrow | 7 | |
| Barracks | 1 | |
| Voodoo Lounge | 2 | |
| Stronghold | 1 | |
| Beastiary | 2 | |
| War Mill | 1 | |
| Watch Tower | 28 | |
| Fortress | 1 | |
| Great Hall | 1 | |
45 total
» build order
00:09 Altar of Storms
00:13 Orc Burrow
00:38 Barracks
01:31 Orc Burrow
02:17 Voodoo Lounge
03:19 Stronghold
04:00 Orc Burrow
05:21 Orc Burrow
05:52 Beastiary
05:56 Beastiary
06:17 Orc Burrow
06:20 War Mill
07:52 Orc Burrow
08:00 Orc Burrow
09:11 Watch Tower
09:16 Watch Tower
09:25 Watch Tower
09:40 Watch Tower
09:50 Fortress
10:35 Watch Tower
10:57 Watch Tower
13:07 Watch Tower
13:11 Watch Tower
21:07 Great Hall
21:37 Watch Tower
21:40 Watch Tower
24:26 Watch Tower
25:27 Watch Tower
25:31 Watch Tower
25:36 Watch Tower
25:41 Watch Tower
25:46 Watch Tower
25:53 Watch Tower
27:52 Watch Tower
27:55 Watch Tower
28:01 Watch Tower
28:05 Watch Tower
28:14 Watch Tower
28:20 Watch Tower
29:39 Watch Tower
29:46 Watch Tower
29:54 Watch Tower
31:12 Watch Tower
31:20 Watch Tower
32:46 Voodoo Lounge
» items
| Healing Salve | 2 | |
| Potion of Healing | 2 | |
| Lesser Clarity Potion | 1 | |
| Scroll of Speed | 1 | |
| Potion of Lesser Invulnerability | 1 | |
| Orb of Lightning | 1 | |
8 total
Xx_MasteR_xX (
purple | 73 APM | 3601 actions | 49:36)
5 Death Knight
3 Death Coil
2 Unholy Aura
6 Lich
3 Frost Nova
2 Dark Ritual
1 Death and Decay
» actions
| Assign group hotkey | 81 | |
| Basic commands | 20 | |
| Build / train | 86 | |
| Enter build submenu | 21 | |
| Enter hero's abilities submenu | 11 | |
| Give item / drop item | 3 | |
| Remove unit from queue | 3 | |
| Right click | 2110 | |
| Select / deselect | 773 | |
| Select group hotkey | 360 | |
| Use ability | 133 | |
3601 total
» units
| Acolyte | 9 | |
| Ghoul | 10 | |
| Crypt Fiend | 7 | |
| Frost Wyrm | 17 | |
| Obsidian Statue | 2 | |
| Meatwagon | 3 | |
48 total
» upgrades
| Creature Attack | 3 | |
| Freezing Breath | 1 | |
| Burrow | 0 | |
| Web | 1 | |
| Creature Carapace | 3 | |
| Disease Cloud | 0 | |
8 total
» buildings
| Altar of Darkness | 1 | |
| Graveyard | 1 | |
| Crypt | 1 | |
| Ziggurat | 9 | |
| Tomb of Relics | 1 | |
| Halls of the Dead | 1 | |
| Nerubian Tower | 2 | |
| Spirit Tower | 3 | |
| Black Citadel | 1 | |
| Sacrificial Pit | 1 | |
| Boneyard | 2 | |
| Slaughterhouse | 1 | |
24 total
» build order
00:18 Altar of Darkness
00:20 Graveyard
00:22 Crypt
00:40 Ziggurat
01:19 Ziggurat
01:48 Tomb of Relics
02:13 Halls of the Dead
02:24 Nerubian Tower
02:39 Spirit Tower
03:31 Ziggurat
03:32 Ziggurat
04:42 Black Citadel
05:02 Sacrificial Pit
06:18 Ziggurat
07:06 Boneyard
07:07 Boneyard
07:13 Ziggurat
07:14 Ziggurat
07:16 Ziggurat
07:26 Ziggurat
08:22 Nerubian Tower
08:24 Spirit Tower
13:51 Spirit Tower
17:32 Slaughterhouse
» items
| Rod of Necromancy | 1 | |
| Sacrificial Skull | 1 | |
| Dust of Appearance | 1 | |
| Orb of Corruption | 1 | |
| Scroll of Town Portal | 1 | |
5 total
team 2 (winner)
4tw.timg (
yellow | 103 APM | 5122 actions | 49:53)
8 Warden
3 Shadow Strike
3 Blink
2 Fan of Knives
» actions
| Assign group hotkey | 13 | |
| Basic commands | 27 | |
| Build / train | 64 | |
| ESC pressed | 1 | |
| Enter build submenu | 27 | |
| Enter hero's abilities submenu | 8 | |
| Give item / drop item | 4 | |
| Right click | 3794 | |
| Select / deselect | 237 | |
| Select group hotkey | 605 | |
| Use ability | 342 | |
5122 total
» units
» upgrades
| Nature's Blessing | 1 | |
| Ultravision | 1 | |
| Well Spring | 1 | |
| Strength of the Wild | 2 | |
| Reinforced Hides | 1 | |
6 total
» buildings
| Altar of Elders | 3 | |
| Moon Well | 19 | |
| Tree of Ages | 2 | |
| Tree of Eternity | 2 | |
| Tree of Life | 2 | |
| Ancient of Wonders | 1 | |
| Hunter's Hall | 1 | |
| Ancient of Wind | 1 | |
| Chimaera Roost | 1 | |
32 total
» build order
00:09 Altar of Elders
00:12 Moon Well
00:57 Moon Well
03:42 Moon Well
04:23 Tree of Ages
05:45 Moon Well
05:46 Moon Well
05:48 Moon Well
05:52 Moon Well
05:53 Moon Well
07:06 Tree of Eternity
08:50 Tree of Life
08:53 Ancient of Wonders
09:15 Hunter's Hall
11:37 Ancient of Wind
14:46 Altar of Elders
14:49 Altar of Elders
18:51 Moon Well
18:51 Moon Well
18:52 Moon Well
20:39 Moon Well
20:40 Moon Well
20:41 Moon Well
34:33 Tree of Life
39:11 Tree of Ages
42:02 Tree of Eternity
45:32 Chimaera Roost
46:42 Moon Well
46:42 Moon Well
46:43 Moon Well
46:44 Moon Well
» items
| Staff of Teleportation | 1 | |
| Boots of Speed | 1 | |
| Dust of Appearance | 1 | |
| Lesser Clarity Potion | 3 | |
| Orb of Venom | 1 | |
| Potion of Healing | 3 | |
10 total
FriendlyTyler (
orange | 135 APM | 6724 actions | 49:52)
8 Blademaster
3 Wind Walk
3 Critical Strike
1 Bladestorm
1 Mirror Image
» actions
| Assign group hotkey | 28 | |
| Basic commands | 16 | |
| Build / train | 94 | |
| Enter build submenu | 63 | |
| Enter hero's abilities submenu | 8 | |
| Give item / drop item | 9 | |
| Right click | 4895 | |
| Select / deselect | 442 | |
| Select group hotkey | 785 | |
| Use ability | 383 | |
6724 total
» units
| Peon | 15 | |
| Troll Batrider | 41 | |
| Raider | 1 | |
57 total
» upgrades
| Liquid Fire | 1 | |
| Spiked Barricades | 1 | |
| Reinforced Defenses | 1 | |
| Ranged Weapons | 3 | |
| Armor | 2 | |
8 total
» buildings
| Altar of Storms | 1 | |
| Orc Burrow | 4 | |
| War Mill | 2 | |
| Voodoo Lounge | 4 | |
| Watch Tower | 46 | |
| Stronghold | 4 | |
| Beastiary | 3 | |
| Fortress | 1 | |
| Great Hall | 1 | |
66 total
» build order
00:08 Altar of Storms
00:19 Orc Burrow
00:35 War Mill
00:38 War Mill
01:12 Voodoo Lounge
02:05 Watch Tower
02:23 Watch Tower
02:41 Watch Tower
02:54 Watch Tower
03:00 Watch Tower
03:05 Watch Tower
03:08 Watch Tower
03:18 Watch Tower
03:20 Watch Tower
03:21 Watch Tower
03:39 Watch Tower
04:13 Watch Tower
04:41 Watch Tower
04:46 Voodoo Lounge
05:25 Stronghold
05:25 Stronghold
05:26 Stronghold
05:39 Voodoo Lounge
05:42 Voodoo Lounge
06:07 Watch Tower
06:45 Watch Tower
07:37 Orc Burrow
07:40 Watch Tower
07:50 Beastiary
07:52 Beastiary
08:21 Fortress
09:16 Orc Burrow
09:41 Watch Tower
09:42 Watch Tower
11:40 Watch Tower
11:41 Watch Tower
13:09 Watch Tower
13:10 Watch Tower
13:12 Watch Tower
13:25 Watch Tower
13:50 Orc Burrow
16:08 Great Hall
16:12 Watch Tower
16:12 Watch Tower
17:13 Watch Tower
18:12 Watch Tower
18:13 Watch Tower
19:09 Watch Tower
19:19 Watch Tower
19:19 Watch Tower
20:58 Watch Tower
20:58 Watch Tower
20:59 Watch Tower
21:00 Watch Tower
21:01 Watch Tower
27:45 Beastiary
33:00 Watch Tower
33:01 Watch Tower
33:03 Watch Tower
33:03 Watch Tower
33:04 Watch Tower
33:04 Watch Tower
33:05 Watch Tower
33:05 Watch Tower
33:06 Watch Tower
» items
| Boots of Speed | 1 | |
| Staff of Teleportation | 1 | |
| Healing Salve | 4 | |
| Lesser Clarity Potion | 5 | |
| Orb of Lightning | 1 | |
12 total
tallbuilding (
teal | 119 APM | 5943 actions | 49:52)
6 Archmage
3 Blizzard
3 Brilliance Aura
3 Blood Mage
1 Siphon Mana
2 Flame Strike
4 Mountain King
2 Storm Bolt
2 Bash
» actions
| Assign group hotkey | 441 | |
| Basic commands | 20 | |
| Build / train | 140 | |
| Enter build submenu | 100 | |
| Enter hero's abilities submenu | 13 | |
| Give item / drop item | 9 | |
| Right click | 2765 | |
| Select / deselect | 507 | |
| Select group hotkey | 1551 | |
| Use ability | 397 | |
5943 total
» units
| Peasant | 17 | |
| Sorceress | 1 | |
| Priest | 1 | |
19 total
» upgrades
| Masonry | 3 | |
| Lumber Harvesting | 2 | |
| Magic Sentry | 1 | |
| Sorceress Training | 2 | |
| Priest Training | 2 | |
10 total
» buildings
| Altar of Kings | 1 | |
| Lumber Mill | 1 | |
| Farm | 3 | |
| Scout Tower | 93 | |
| Arcane Tower | 14 | |
| Guard Tower | 56 | |
| Keep | 4 | |
| Arcane Vault | 4 | |
| Town Hall | 1 | |
| Arcane Sanctum | 1 | |
| Castle | 1 | |
179 total
» build order
00:06 Altar of Kings
00:18 Lumber Mill
00:34 Farm
00:56 Farm
01:30 Farm
01:38 Scout Tower
01:44 Scout Tower
01:48 Scout Tower
01:57 Scout Tower
02:07 Scout Tower
02:08 Arcane Tower
02:09 Scout Tower
02:15 Arcane Tower
02:22 Scout Tower
02:23 Arcane Tower
02:41 Arcane Tower
02:46 Guard Tower
02:47 Guard Tower
02:53 Scout Tower
02:57 Guard Tower
02:59 Scout Tower
03:02 Arcane Tower
03:02 Guard Tower
03:04 Scout Tower
03:30 Guard Tower
03:31 Scout Tower
03:58 Guard Tower
03:59 Scout Tower
04:06 Scout Tower
04:11 Guard Tower
04:11 Guard Tower
04:11 Guard Tower
04:18 Scout Tower
04:32 Scout Tower
04:41 Guard Tower
04:42 Scout Tower
04:44 Scout Tower
04:47 Arcane Tower
04:47 Arcane Tower
04:47 Arcane Tower
04:56 Scout Tower
05:37 Guard Tower
05:40 Guard Tower
05:41 Scout Tower
05:43 Scout Tower
05:54 Keep
05:54 Keep
05:55 Keep
05:55 Keep
06:10 Guard Tower
06:20 Scout Tower
06:21 Guard Tower
06:50 Guard Tower
06:52 Scout Tower
06:58 Arcane Vault
07:00 Guard Tower
07:02 Scout Tower
07:02 Scout Tower
07:21 Guard Tower
07:44 Guard Tower
07:47 Scout Tower
08:33 Guard Tower
08:36 Scout Tower
08:37 Scout Tower
08:41 Town Hall
08:46 Guard Tower
08:47 Scout Tower
08:48 Scout Tower
08:51 Arcane Sanctum
09:01 Scout Tower
09:02 Scout Tower
09:26 Arcane Tower
09:42 Guard Tower
09:54 Guard Tower
09:56 Scout Tower
09:59 Scout Tower
10:14 Castle
11:27 Guard Tower
11:29 Guard Tower
11:32 Scout Tower
11:33 Guard Tower
11:38 Scout Tower
11:39 Scout Tower
11:43 Scout Tower
12:02 Scout Tower
12:06 Guard Tower
12:09 Scout Tower
12:10 Scout Tower
12:40 Arcane Tower
12:47 Scout Tower
12:48 Scout Tower
12:49 Scout Tower
12:57 Guard Tower
13:01 Scout Tower
13:02 Scout Tower
13:03 Guard Tower
13:05 Arcane Vault
13:08 Arcane Vault
13:10 Scout Tower
13:11 Scout Tower
13:11 Scout Tower
13:12 Scout Tower
13:42 Scout Tower
13:50 Guard Tower
13:54 Guard Tower
13:56 Scout Tower
14:23 Guard Tower
14:25 Scout Tower
14:26 Scout Tower
14:29 Scout Tower
14:30 Scout Tower
14:30 Scout Tower
14:31 Scout Tower
14:35 Guard Tower
14:41 Scout Tower
14:42 Scout Tower
14:43 Scout Tower
14:44 Scout Tower
15:07 Guard Tower
15:08 Scout Tower
15:09 Scout Tower
15:11 Scout Tower
15:11 Scout Tower
15:20 Scout Tower
15:21 Scout Tower
15:23 Guard Tower
15:24 Arcane Tower
15:54 Guard Tower
16:00 Scout Tower
16:01 Scout Tower
16:09 Guard Tower
16:14 Scout Tower
16:18 Scout Tower
16:19 Scout Tower
16:20 Guard Tower
16:22 Guard Tower
16:32 Guard Tower
16:57 Guard Tower
16:59 Scout Tower
17:00 Scout Tower
17:04 Guard Tower
17:05 Scout Tower
17:06 Scout Tower
17:07 Scout Tower
17:08 Scout Tower
17:19 Guard Tower
17:21 Scout Tower
17:22 Scout Tower
17:25 Scout Tower
17:27 Scout Tower
17:28 Scout Tower
17:32 Arcane Vault
17:35 Guard Tower
18:00 Scout Tower
18:01 Scout Tower
18:03 Guard Tower
18:06 Guard Tower
18:07 Scout Tower
18:08 Scout Tower
18:25 Guard Tower
18:41 Scout Tower
18:43 Scout Tower
18:45 Guard Tower
18:48 Scout Tower
18:49 Scout Tower
18:57 Guard Tower
19:04 Scout Tower
19:04 Scout Tower
19:07 Guard Tower
20:22 Guard Tower
20:29 Arcane Tower
20:30 Guard Tower
37:04 Guard Tower
» items
| Healing Salve | 2 | |
| Orb of Lightning | 3 | |
| Staff of Sanctuary | 3 | |
| Scroll of Town Portal | 6 | |
| Boots of Speed | 3 | |
| Staff of Teleportation | 3 | |
20 total
Chat log
(00:08 / All) tallbuilding: gl hf
(00:29 / All) FriendlyTyler: GL
(06:51 / All) 4tw.abuser: lool
(06:55 / All) FriendlyTyler: lol
(15:45 / All) FriendlyTyler: ud
(15:50 / All) FriendlyTyler: why
(15:51 / All) FriendlyTyler: level 1 coil
(15:52 / All) 4tw.timg: why you guys so bad
(15:53 / All) tallbuilding: please play better
(15:54 / All) FriendlyTyler: at level 3
(15:55 / All) FriendlyTyler: again
(16:53 / All) FriendlyTyler: you are truly awful
(16:56 / All) FriendlyTyler: thanks for 2 free wins
(17:39 / All) FriendlyTyler: do you still think we hack
(17:40 / All) FriendlyTyler: lol
(17:42 / All) Xx_MasteR_xX: ya
(17:44 / All) Xx_MasteR_xX: sure
(17:53 / All) FriendlyTyler: lol
(19:13 / All) FriendlyTyler: what are you going to do
(19:15 / All) FriendlyTyler: to kill a tower
(19:18 / All) 4tw.abuser: idk
(19:22 / All) FriendlyTyler: exactly
(19:24 / All) FriendlyTyler: fucking idiots
(19:26 / All) 4tw.timg: have you thought about creeping
(19:28 / All) 4tw.abuser: relax
(19:31 / All) 4tw.timg: maybe expanding
(19:45 / All) Xx_MasteR_xX: why expo vs hackers.. they there before ur wisp is
(20:07 / All) FriendlyTyler: what are the bats for
(21:38 / All) FriendlyTyler: hey red
(21:41 / All) 4tw.timg: hey blue
(21:41 / All) FriendlyTyler: do you know
(21:43 / All) FriendlyTyler: about formation move
(21:44 / All) 4tw.timg: what are tyou doing all game
(21:44 / All) FriendlyTyler: ?
(21:46 / All) 4tw.timg: are you afk or somethign
(23:27 / All) FriendlyTyler: good
(23:32 / All) 4tw.timg: good god. . . . .
(23:37 / All) 4tw.timg: hey!! im in your clan
(24:00 / All) tallbuilding: what was the plan with these bats
(24:01 / All) FriendlyTyler: good batting
(24:03 / All) tallbuilding: we're making towers you know
(24:04 / All) FriendlyTyler: i mean
(24:09 / All) FriendlyTyler: come on
(24:21 / All) FriendlyTyler: your meat wagon
(24:23 / All) FriendlyTyler: it die now
(24:23 / All) FriendlyTyler: ok.
(24:25 / All) 4tw.timg: meaty
(24:28 / All) 4tw.timg: no
(24:29 / All) tallbuilding: we're giving good advice
(24:31 / All) 4tw.timg: not my hunters hall
(27:35 / All) FriendlyTyler: i love these bats
(28:31 / All) tallbuilding: why did you have so many ghouuuls
(31:04 / All) FriendlyTyler: lol
(31:05 / All) FriendlyTyler: red
(31:09 / All) FriendlyTyler: all those clicks
(31:10 / All) FriendlyTyler: for nothing
(31:30 / All) FriendlyTyler: lmao
(31:33 / All) FriendlyTyler: your hero purple???
(31:37 / All) FriendlyTyler: are you fucking retarded?
(31:39 / All) tallbuilding: how do you lose heroes to towers
(31:41 / All) tallbuilding: they just stand there
(31:46 / All) tallbuilding: they don't move at all
(32:36 / All) tallbuilding: red
(32:40 / All) tallbuilding: you making that many towers
(32:52 / All) tallbuilding: shows how incapable of creative thinking you are
(33:03 / All) tallbuilding: the only way we can kill a good amount of towers is when you are all dead
(33:09 / All) tallbuilding: at which point the number makes no differene
(33:13 / All) tallbuilding: you're just wasting gold
(33:17 / All) tallbuilding: so now you're going to lose 100%
(33:18 / All) tallbuilding: the game is over
(33:19 / All) 4tw.abuser: ye u tell him
(33:24 / All) Xx_MasteR_xX: win or lose
(33:27 / All) Xx_MasteR_xX: ill afk all night for u
(33:29 / All) FriendlyTyler: LOL
(33:30 / All) 4tw.timg: lol
(33:32 / All) 4tw.timg: like last game
(33:32 / All) FriendlyTyler: just like last game right
(33:33 / All) Xx_MasteR_xX: cunts
(33:35 / All) FriendlyTyler: \
(33:36 / All) tallbuilding: we hear that every single game
(33:41 / All) tallbuilding: and they lose after 40 minutes all of them
(33:41 / All) 4tw.timg: im gonna afk!!! *wind walks, loses hero, quits*
(33:42 / All) FriendlyTyler: all we do is tower
(33:43 / All) tallbuilding: just like you did last game
(33:46 / All) tallbuilding: remember last game???
(33:47 / All) tallbuilding: remember it??
(33:53 / All) Xx_MasteR_xX: no i dont newbs
(33:54 / All) tallbuilding: it was a very quick, easy and enjoyable win for us
(33:56 / All) tallbuilding: as this will be
(33:57 / All) Xx_MasteR_xX: cause i didnt say that
(34:14 / All) 4tw.timg: do you realize
(34:19 / All) FriendlyTyler: (26:02 / All) M30: im just gonna afk while u kill everything
(34:24 / All) 4tw.timg: you going afk extends this game 10 minutes tops
(34:29 / All) FriendlyTyler: M30 (red | 44 APM | 1299 actions | 29:29)
(34:31 / All) Xx_MasteR_xX: ya im not m30... learn to read cunt
(34:37 / All) tallbuilding: 44 apm
(34:39 / All) FriendlyTyler: (24:52 / All) Xx_MasteR_xX: really ... u really wanna know how u maphack
(34:39 / All) 4tw.timg: can i join your clan
(34:44 / All) FriendlyTyler: you still haven't told us
(34:45 / All) FriendlyTyler: how we hack
(34:46 / All) Xx_MasteR_xX: lol
(34:50 / All) Xx_MasteR_xX: clan thc trash talkin shit
(34:51 / All) 4tw.timg: im already in it. . ..
(34:52 / All) Xx_MasteR_xX: classic
(34:56 / All) FriendlyTyler: can you>???? or do you just say that when we lose
(34:56 / All) 4tw.timg: who is clan thc
(35:10 / All) tallbuilding: man
(35:13 / All) tallbuilding: towers are so easy to kill
(35:16 / All) FriendlyTyler: you are 0-2 to us
(35:19 / All) 4tw.timg: clan thc is another shit clan i dominated and took over from within....................... like i will with 4tw...........
(35:20 / All) tallbuilding: I wonder how you lost to them
(35:26 / All) Xx_MasteR_xX: lol
(35:26 / All) FriendlyTyler: not a position where you would want to talk
(35:29 / All) Xx_MasteR_xX: sure u were
(35:31 / All) Xx_MasteR_xX: lets go yellow
(35:35 / All) Xx_MasteR_xX: here comes the nerd rage
(35:38 / All) Xx_MasteR_xX: get fucked u fat piece of shit
(35:43 / All) 4tw.timg: lol
(35:47 / All) FriendlyTyler: lol!
(35:51 / All) 4tw.timg: types a million lines
(35:54 / All) FriendlyTyler: where are you guys from?
(35:54 / All) 4tw.timg: here comes the ner drage!!
(36:03 / All) FriendlyTyler: what cities do you live in
(36:08 / All) 4tw.abuser: hamilton
(36:09 / All) 4tw.abuser: you?
(36:12 / All) FriendlyTyler: ontario??
(36:14 / All) 4tw.abuser: yeah
(36:19 / All) FriendlyTyler: i'm in the only good ontario city
(36:19 / All) FriendlyTyler: toronto
(36:24 / All) FriendlyTyler: let's hang out
(36:27 / All) 4tw.abuser: down
(36:32 / All) FriendlyTyler: down?
(36:37 / All) 4tw.abuser: im down
(36:41 / All) 4tw.abuser: to hang out
(36:43 / All) FriendlyTyler: ok tell me when you're in toronto
(36:45 / All) FriendlyTyler: i'll
(36:50 / All) FriendlyTyler: cook
(36:51 / All) FriendlyTyler: you dinner
(36:57 / All) FriendlyTyler: and show you how to play video games
(36:57 / All) 4tw.abuser: ouu what u gonna make me
(37:01 / All) FriendlyTyler: maybe i teach you about hotkeys
(37:07 / All) 4tw.abuser: alright alright
(37:08 / All) FriendlyTyler: how you can use keyboard to cast spells etc
(37:11 / All) FriendlyTyler: it makes you really fast
(37:12 / All) FriendlyTyler: i'll show you
(39:25 / All) FriendlyTyler: you ever go to a real city blue?
(39:31 / All) FriendlyTyler: or just live in shitty awful hammertown
(39:37 / All) 4tw.abuser: ive been to toronto if u classify that real
(39:40 / All) FriendlyTyler: lol
(39:44 / All) FriendlyTyler: third largest city on continent
(39:47 / All) 4tw.timg: i dont
(39:49 / All) FriendlyTyler: only important city in canada
(39:50 / All) 4tw.timg: i live in Real City
(39:51 / All) 4tw.abuser: whats first?
(39:55 / All) FriendlyTyler: nyc
(40:00 / All) FriendlyTyler: mexico is not north america
(40:01 / All) 4tw.abuser: true
(40:12 / All) Xx_MasteR_xX: get those bats hacking trash!!!! GOGOGo
(40:18 / All) FriendlyTyler: lol
(40:19 / All) 4tw.timg: lmao you flew over me
(40:22 / All) 4tw.timg: you fuckin retad
(40:31 / All) FriendlyTyler: does that make you feel better about losing
(40:37 / All) FriendlyTyler: to convince yourselves we hack
(40:41 / All) Xx_MasteR_xX: no it just impresses me
(40:46 / All) FriendlyTyler: just because you never leave your base
(40:48 / All) FriendlyTyler: doesn't mean we don't
(40:49 / All) Xx_MasteR_xX: how after 8 years people still suck enough to hack
(40:53 / All) 4tw.timg: taht dont impressa me much
(40:58 / All) 4tw.timg: explain how we hack pls
(40:58 / All) FriendlyTyler: please explain what makes you think we hack
(41:07 / All) 4tw.timg: noob loses, calls hacks
(41:21 / All) 4tw.timg: my 35 apm cant keep up with him!!! what a hacker
(42:18 / All) FriendlyTyler: do you think you can win
(42:23 / All) 4tw.abuser: who knows
(42:26 / All) FriendlyTyler: also i love the silence re: hacks
(42:29 / All) tallbuilding: i know
(42:50 / All) FriendlyTyler: blue
(42:51 / All) FriendlyTyler: det
(42:51 / All) tallbuilding: myum
(42:52 / All) FriendlyTyler: now
(42:52 / All) 4tw.timg: hey
(42:53 / All) FriendlyTyler: det
(42:53 / All) FriendlyTyler: deto
(42:54 / All) 4tw.timg: your wisps
(42:55 / All) FriendlyTyler: thanks
(42:56 / All) 4tw.timg: good job
(42:56 / All) tallbuilding: these reveal towers are really useful
(42:58 / All) 4tw.abuser: np
(43:08 / All) FriendlyTyler: blue
(43:10 / All) FriendlyTyler: are you in school
(43:14 / All) 4tw.abuser: ye mohawk
(43:18 / All) FriendlyTyler: MOHAWK
(43:21 / All) FriendlyTyler: FUCKING
(43:21 / All) 4tw.abuser: slohawk
(43:22 / All) FriendlyTyler: MOHAWK
(43:23 / All) 4tw.abuser: lol
(43:24 / All) FriendlyTyler: ARE YOU A PLUMBER
(43:28 / All) 4tw.abuser: electrician
(43:31 / All) FriendlyTyler: HAHAHHAAHHA
(43:32 / All) FriendlyTyler: YES
(43:44 / All) 4tw.timg: hey can you plug in my blender for me
(43:46 / All) 4tw.timg: i wanna make a smoothie
(43:52 / All) FriendlyTyler: can you reset my gfci
(43:53 / All) FriendlyTyler: please
(43:56 / All) FriendlyTyler: press that button
(43:59 / All) FriendlyTyler: please do that for me
(44:18 / All) tallbuilding: YUM towers
(44:59 / All) FriendlyTyler: hey
(45:01 / All) FriendlyTyler: is your name like
(45:02 / All) FriendlyTyler: vinny
(45:07 / All) FriendlyTyler: you fucking blue collar filth
(47:14 / All) FriendlyTyler: great play
(47:16 / All) FriendlyTyler: just great play
(47:19 / All) FriendlyTyler: you have like
(47:20 / All) FriendlyTyler: 200 food
(47:22 / All) FriendlyTyler: vs our heroes
(47:26 / All) FriendlyTyler: and can't kill towers
(48:03 / All) FriendlyTyler: careful
(48:03 / All) 4tw.timg: this embarrasse.
(48:06 / All) FriendlyTyler: you're losing everything
(48:31 / All) FriendlyTyler: garbage birdnoobs
(48:47 / All) FriendlyTyler: let me know when you're in toronto so i can teach you to use left hand during video games
(48:49 / All) tallbuilding: hey
(48:51 / All) FriendlyTyler: 647-869-9830
(48:51 / All) tallbuilding: you can unsummo
(48:56 / All) tallbuilding: UD buildings
(48:57 / All) tallbuilding: for more gold
(48:59 / All) tallbuilding: res DK
(49:31 / All) 4tw.abuser: haah ggg
(49:36 / All) tallbuilding: unsummon
(49:38 / All) tallbuilding: unsummon pelase
(49:44 / All) FriendlyTyler: shitnoobs
(49:46 / All) FriendlyTyler: bitnoobs
(49:50 / All) FriendlyTyler: think you better quitnoobs